 Dungeon Crawl Stone Soup version 0.31-a0-1496-g79c7dd0eeb (webtiles) character file.

Game seed: 12092843107711771117

3580308 Iwannabefree the Warrior (level 27, 213/213 HPs)
             Began as a Human Conjurer on Dec 29, 2023.
             Was the Champion of Ashenzari.
             Escaped with the Orb
             ... and 5 runes
             ... and 2 gems on Dec 30, 2023!
             The game lasted 03:41:18 (63835 turns).

Iwannabefree the Warrior (Human Conjurer)          Turns: 63835, Time: 03:41:18

Health: 213/213    AC: 23    Str: 23    XL:     27
Magic:  49/49      EV: 39    Int: 26    God:    Ashenzari [******]
Gold:   7817       SH: 13    Dex: 36    Spells: 2/70 levels left

rFire   + . .        b - +9 demon blade "Tethered With Me" {elec, Self, Sorc} (curse)
rCold   + + +        o - +3 buckler of Supernal Knowledge {rC+ rF+, Bglg, Self} (curse)
rNeg    . . .        K - +0 faerie dragon scales {rC+ rCorr Str+3 Slay+3 SInv, Self, Elem} (curse)
rPois   +            w - +1 helmet of Ashenzari's Suspicion {rCorr Dex+2, Sorc, Melee} (curse)
rElec   +            n - +2 cloak "Lashed Vision" {rPois, Cun, Elem} (curse)
rCorr   +            M - +0 pair of gloves "the Ego of Ashenzari" {Comp, Cun} (curse)
SInv    +            s - +3 pair of boots of the Sidereal Seer {^Drain Dex+7 Slay+2, Fort, Melee} (curse)
Will    ++++.        G - amulet of Apeoromancy {Regen+, Comp, Cun} (curse)
Stlth   +++          N - ring "Astrological Paranoia" {^Drain Will++ rCorr Str+6, Elem, Bglg} (curse)
HPRegen 1.35/turn    F - ring "Eternal With Me" {rElec Str+5 Dex+6, Cun, Fort} (curse)
MPRegen 0.31/turn

%: clarity
@: studying 2 skills
A: explore regen, talons 1, thin skeletal structure 2, cold resistance 1, frail
1, subdued magic 2
0: Orb of Zot
}: 5/15 runes: decaying, slimy, silver, abyssal, gossamer
a: Renounce Religion, Shatter the Chains


You escaped.
You worshipped Ashenzari.
Ashenzari was exalted by your worship.
You visited 12 branches of the dungeon, and saw 56 of its levels.
You visited the Abyss 1 time.

You collected 10416 gold pieces.
You spent 2599 gold pieces at shops.

Inventory:

Hand Weapons
 b - the cursed +9 demon blade "Tethered With Me" (weapon) {elec, Self, Sorc}
   (You took it off Mara on level 4 of the Swamp)

   It has a curse which improves the following skills: Introspection: Fighting
   and Spellcasting.
   Sorcery:   Conjurations and Alchemy.
 J - the +12 great sword "Ekumosutt" {speed, Will+ Int+2}
   (You took it off a deep elf pyromancer on level 3 of the Elven Halls)

   Int+2:     It affects your intelligence (+2).
   Will+:     It increases your willpower.
Missiles
 r - a throwing net
 T - 12 curare-tipped darts
Armour
 n - the cursed +2 cloak "Lashed Vision" (worn) {rPois, Cun, Elem}
   (You found it on level 3 of the Vaults)

   It has a curse which improves the following skills: Cunning: Dodging and
   Stealth.
   Elements:  Fire Magic, Ice Magic, Air Magic and Earth Magic.
 o - the cursed +3 buckler of Supernal Knowledge (worn) {rC+ rF+, Bglg, Self}
   (You took it off a spriggan on level 1 of the Swamp)

   It has a curse which improves the following skills: Beguiling: Hexes and
   Translocations.
   Introspection: Fighting and Spellcasting.
 s - the cursed +3 pair of boots of the Sidereal Seer (worn) {^Drain Dex+7 Slay+2, Fort, Melee}
   (You found it on level 4 of the Vaults)

   Dex+7:     It affects your dexterity (+7).
   Slay+2:    It affects your accuracy & damage with ranged weapons and melee
   (+2).
   ^Drain:    It drains your maximum health when unequipped.
   It has a curse which improves the following skills: Fortitude: Armour and
   Shields.
   Melee Combat: Short Blades, Long Blades, Axes, Maces & Flails, Polearms,
   Staves and Unarmed Combat.
 w - the cursed +1 helmet of Ashenzari's Suspicion (worn) {rCorr Dex+2, Sorc, Melee}
   (You found it on level 3 of the Lair of Beasts)

   Dex+2:     It affects your dexterity (+2).
   rCorr:     It protects you from acid and corrosion.
   It has a curse which improves the following skills: Sorcery: Conjurations and
   Alchemy.
   Melee Combat: Short Blades, Long Blades, Axes, Maces & Flails, Polearms,
   Staves and Unarmed Combat.
 K - the cursed +0 faerie dragon scales (worn) {rC+ rCorr Str+3 Slay+3 SInv, Self, Elem}
   (You took it off the Enchantress on level 1 of the Depths)

   Str+3:     It affects your strength (+3).
   Slay+3:    It affects your accuracy & damage with ranged weapons and melee
   (+3).
   rC+:       It protects you from cold.
   SInv:      It lets you see invisible.
   rCorr:     It protects you from acid and corrosion.
   It has a curse which improves the following skills: Introspection: Fighting
   and Spellcasting.
   Elements:  Fire Magic, Ice Magic, Air Magic and Earth Magic.
 M - the cursed +0 pair of gloves "the Ego of Ashenzari" (worn) {Comp, Cun}
   (You found it on level 4 of the Spider Nest)

   It has a curse which improves the following skills: Companions: Summonings
   and Necromancy.
   Cunning:   Dodging and Stealth.
Jewellery
 F - the cursed ring "Eternal With Me" (right hand) {rElec Str+5 Dex+6, Cun, Fort}
   (You found it on level 4 of the Vaults)

   [ring of dexterity]

   Str+5:     It affects your strength (+5).
   Dex+6:     It affects your dexterity (+6).
   rElec:     It insulates you from electricity.
   It has a curse which improves the following skills: Cunning: Dodging and
   Stealth.
   Fortitude: Armour and Shields.
 G - the cursed amulet of Apeoromancy (around neck) {Regen+, Comp, Cun}
   (You found it on level 2 of the Elven Halls)

   [amulet of regeneration]

   Regen+:    It increases your rate of health regeneration.
   It has a curse which improves the following skills: Companions: Summonings
   and Necromancy.
   Cunning:   Dodging and Stealth.
 N - the cursed ring "Astrological Paranoia" (left hand) {^Drain Will++ rCorr Str+6, Elem, Bglg}
   (You took it off a vault sentinel on level 5 of the Vaults)

   [ring of resist corrosion]

   Str+6:     It affects your strength (+6).
   Will++:    It greatly increases your willpower.
   rCorr:     It protects you from acid and corrosion.
   ^Drain:    It drains your maximum health when unequipped.
   It has a curse which improves the following skills: Elements: Fire Magic, Ice
   Magic, Air Magic and Earth Magic.
   Beguiling: Hexes and Translocations.
 Q - the ring of the Visionary {Fire Fly rPois Int-5 Slay+5}
   (You took it off a vampire mage on level 3 of the Crypt)

   [ring of fire]

   Fire:      It enhances your fire magic.
   Int-5:     It affects your intelligence (-5).
   Slay+5:    It affects your accuracy & damage with ranged weapons and melee
   (+5).
   rF+:       It protects you from fire.
   rC-:       It makes you vulnerable to cold.
   rPois:     It protects you from poison Fly: It grants you flight.
 U - the ring "Eppout" {rC+ MP+9 Int+6 Dex+2}
   (You found it on level 5 of the Pits of Slime)

   [ring of intelligence]

   Int+6:     It affects your intelligence (+6).
   Dex+2:     It affects your dexterity (+2).
   rC+:       It protects you from cold.
   MP+9:      It affects your magic capacity (+9).
Wands
 d - a wand of digging (7)
 D - a wand of acid (27)
 E - a wand of iceblast (54)
 H - a wand of paralysis (23)
Scrolls
 c - 5 scrolls of fear
 e - 4 scrolls of silence
 g - 4 scrolls of enchant weapon
 i - 2 scrolls of blinking
 l - 14 scrolls of enchant armour
 p - 5 scrolls of poison
 y - 4 scrolls of fog
 A - 10 scrolls of immolation
 C - 9 scrolls of noise
 I - a scroll of teleportation
 P - 7 scrolls of vulnerability
 R - 4 scrolls of butterflies
 X - 2 scrolls of torment
 Z - 3 scrolls of revelation
Potions
 a - 3 potions of haste
 f - 11 potions of heal wounds
 h - 8 potions of enlightenment
 k - 11 potions of resistance
 m - 2 potions of ambrosia
 q - 11 potions of curing
 t - 7 potions of mutation
 u - 16 potions of attraction
 x - 10 potions of might
 z - 6 potions of lignification
 B - 4 potions of invisibility
 L - 3 potions of brilliance
 O - a potion of magic
 W - 3 potions of berserk rage
Miscellaneous
 j - a condenser vane
 v - a lightning rod (4/4)


   Skills:
 + Level 19.2(23.6) Fighting
 - Level 4.2(12.3) Short Blades
 - Level 15.2(18.9) Long Blades
 - Level 13.7(17.2) Armour
 + Level 15.1(20.7) Dodging
 - Level 5.0(10.3) Stealth
 - Level 6.8(10.4) Shields
 - Level 17.7(22.2) Spellcasting
 - Level 16.3(19.8) Conjurations
 - Level 12.6(16.2) Summonings
 - Level 6.0(9.6) Necromancy
 - Level 13.1(16.6) Translocations
 - Level 18.3(22.8) Fire Magic
 - Level 9.4(14.1) Air Magic
 - Level 11.0(15.7) Earth Magic
 + Level 7.0(10.7) Alchemy
 - Level 4.0 Evocations


You had 2 spell levels left.
You knew the following spells:

 Your Spells              Type           Power      Damage    Failure   Level
a - Ignition              Fire           37%        3d11      1%          8
b - Freezing Cloud        Conj/Ice/Air   26%        6-21      1%          5
c - Malign Gateway        Summ/Tloc      32%        N/A       1%          7
d - Orb of Destruction    Conj           35%        9d10      1%          7
e - Passage of Golubria   Tloc           64%        N/A       0%          4
f - Eringya's Noxious Bo  Alch           26%        4d6       1%          6
g - Olgreb's Toxic Radia  Alch           52%        N/A       1%          4
h - Vhi's Electric Charg  Tloc/Air       100%       N/A       0%          4
i - Irradiate             Conj/Alch      30%        3d21      1%          5
j - Ignite Poison         Fire/Alch      64%        N/A       0%          4
k - Blink                 Tloc           100%       N/A       0%          2
l - Lesser Beckoning      Tloc           100%       N/A       0%          2
p - Passwall              Erth           62%        N/A       0%          3
u - Dispel Undead         Necr           49%        3d18      1%          4
y - Mephitic Cloud        Conj/Alch/Air  61%        N/A       0%          3

Your spell library contained the following spells:

 Spells                   Type           Power      Damage    Failure   Level
 Apportation              Tloc           100%       N/A       0%          1
 Foxfire                  Conj/Fire      100%       2x1d9     0%          1
 Magic Dart               Conj           100%       1d8       0%          1
 Necrotise                Necr           100%       1d9       0%          1
 Sandblast                Erth           100%       2d20      0%          1
 Sting                    Conj/Alch      100%       1d9       0%          1
 Summon Small Mammal      Summ           100%       N/A       0%          1
 Call Imp                 Summ           100%       N/A       0%          2
 Cigotuvi's Dreadful Rot  Necr/Alch/Air  100%       N/A       0%          2
 Mercury Vapours          Alch/Air       100%       N/A       0%          2
 Searing Ray              Conj           100%       2d8       0%          2
 Static Discharge         Conj/Air       100%       3-8/arc   0%          2
 Freeze                   Ice            80%        1d9       1%          1
 Ensorcelled Hibernation  Hex/Ice        40%        N/A       1%          2
 Call Canine Familiar     Summ           63%        N/A       0%          3
 Gell's Gravitas          Tloc           64%        N/A       0%          3
 Inner Flame              Hex/Fire       54%        N/A       0%          3
 Stone Arrow              Conj/Erth      100%       3d13      0%          3
 Swiftness                Air            59%        N/A       0%          3
 Teleport Other           Tloc           64%        N/A       0%          3
 Volatile Blastmotes      Fire/Tloc      100%       2d18      0%          3
 Airstrike                Air            29%        2d(5-21)  0%          4
 Animate Armour           Summ/Erth      100%       N/A       0%          4
 Brom's Barrelling Bould  Conj/Erth      66%        2d8       0%          4
 Fulminant Prism          Conj/Alch      30%        3d15      0%          4
 Iskenderun's Mystic Bla  Conj/Tloc      67%        2d14      0%          4
 Leda's Liquefaction      Alch/Erth      28%        N/A       0%          4
 Manifold Assault         Tloc           64%        N/A       0%          4
 Sticky Flame             Fire/Alch      64%        2d11      0%          4
 Summon Blazeheart Golem  Fire/Summ      69%        N/A       0%          4
 Summon Lightning Spire   Summ/Air       61%        N/A       0%          4
 Arcjolt                  Conj/Air       32%        1d42      0%          5
 Fireball                 Conj/Fire      36%        3d15      0%          5
 Iskenderun's Battlesphe  Conj           70%        2d12      0%          5
 Lee's Rapid Deconstruct  Erth           31%        3d16*     0%          5
 Summon Forest            Summ/Tloc      32%        N/A       0%          5
 Starburst                Conj/Fire      36%        6d11      0%          6
 Dazzling Flash           Conj/Hex       100%       N/A       1%          3
 Frozen Ramparts          Ice            40%        1d7       1%          3
 Hailstorm                Conj/Ice       51%        3d10      1%          3
 Ozocubu's Armour         Ice            20%        N/A       1%          3
 Summon Ice Beast         Ice/Summ       45%        N/A       1%          3
 Dimensional Bullseye     Hex/Tloc       22%        N/A       1%          4
 Martyr's Knell           Necr/Summ      56%        N/A       1%          4
 Curse of Agony           Necr           49%        N/A       1%          5
 Silence                  Hex/Air        20%        N/A       1%          5
 Summon Mana Viper        Hex/Summ       45%        N/A       1%          5
 Bombard                  Conj/Erth      33%        9d6       1%          6
 Conjure Ball Lightning   Conj/Air       32%        3x3d10    1%          6
 Dispersal                Tloc           32%        N/A       1%          6
 Plasma Beam              Fire/Air       33%        2x1d46    1%          6
 Monstrous Menagerie      Summ           31%        N/A       1%          7
 Summon Hydra             Summ           31%        N/A       1%          7
 Sigil of Binding         Hex            19%        N/A       2%          3
 Tukima's Dance           Hex            19%        N/A       2%          3
 Yara's Violent Unravell  Hex/Alch       18%        3d9       2%          5
 Death Channel            Necr           24%        N/A       2%          6
 Lehudib's Crystal Spear  Conj/Erth      33%        10d8      4%          8
 Disjunction              Tloc           32%        N/A       8%          8
 Summon Horrible Things   Summ           31%        N/A       10%         8
 Sculpt Simulacrum        Ice/Alch       18%        N/A       19%         6
 Maxwell's Capacitive Co  Air            29%        ∞         26%         8
 Metabolic Englaciation   Hex/Ice        10%        N/A       28%         5
 Ozocubu's Refrigeration  Ice            10%        4d9       100%        7
 Discord                  Hex            9%         N/A       100%        8
 Polar Vortex             Ice            10%        12d1*     100%        9


Dungeon Overview and Level Annotations

Branches:
Dungeon (15/15)            Temple (1/1) D:6            Lair (5/5) D:8
  Swamp (4/4) Lair:3       Spider (4/4) Lair:3        Slime (5/5) Lair:4
    Orc (2/2) D:11            Elf (3/3) Orc:2        Vaults (5/5) D:13
  Crypt (3/3) Vaults:2       Tomb (0/3) Crypt:3      Depths (4/4) D:15
    Zot (5/5) Depths:4

Altars:
Ashenzari
Cheibriados
Dithmenos
Elyvilon
Fedhas
Gozag
Hepliaklqana
Kikubaaqudgha
Makhleb
Nemelex Xobeh
Okawaru
Qazlal
Ru
Sif Muna
Trog
Uskayaw
Vehumet
Wu Jian
Xom
Yredelemnul
Zin
The Shining One

Shops:
D:3 =   D:5 *   D:11 [   Orc:2 !?(   Elf:1 *   Elf:2 :=:   Depths:2 !

Portals:
Hell: Depths:1 Depths:2 Depths:3 Depths:4
Abyss: Depths:1 Depths:2 Depths:3
Pandemonium: Depths:1 Depths:2 Depths:3
Ziggurat: Depths:2
Trove: D:12 (give 12 potions of heal wounds)

Annotations:
Lair:1 3 runed translucent doors, PanSaczeczos's ghost, journeyman SpAr
Swamp:2 1 runed translucent door, SlaveLabor's ghost, journeyman DgHu
Orc:1 2 transporters, Vupaekk's ghost, journeyman DsEE


Innate Abilities, Weirdness & Mutations

You regain HP and MP as you explore.
You have sharp toenails.
You have a moderately thin skeletal structure. (Dex +4, Stealth++)
Your flesh is cold resistant. (rC+)
You are frail. (-10% HP)
Your spells are easier to cast, but less powerful.


Message History

There is a stone staircase leading down here.
You sense a monster nearby.
There is a stone staircase leading up here.
You climb upwards.
There is a stone staircase leading down here.
What level of the Dungeon? (default 1, ? - help)
A neqoxec comes into view.
Aiming: Orb of Destruction (mildly dangerous; 1% risk of failure)
Press: ? - help, Q - select action, (/) - cycle Shift-Dir - straight line, f - neqoxec
Aim: a neqoxec Unknown command.
The orb of destruction hits the neqoxec!!!
You blow up the neqoxec!
What level of the Dungeon? (default 1, ? - help)
There is a stone staircase leading up here.
You climb upwards.
There is a stone staircase leading down here.
Magic restored.
An Ice Fiend comes into view.
The Ice Fiend gestures at you. The bolt of cold misses you.
Casting: Orb of Destruction (mildly dangerous; 1% risk of failure)
Confirm with . or Enter, or press ? or * to list all spells.
You erupt in a fountain of uncontrolled magic!
The Ice Fiend is blasted with magical radiation!!!
The Ice Fiend is heavily wounded.
You are very lightly contaminated with residual magic.
The Ice Fiend completely misses you. The Ice Fiend misses you.
Casting: Irradiate (safe; 1% risk of failure)
Confirm with . or Enter, or press ? or * to list all spells.
You erupt in a fountain of uncontrolled magic!
The Ice Fiend is blasted with magical radiation!!
The Ice Fiend is almost dead.
The Ice Fiend twists and deforms.
You are lightly contaminated with residual magic.
You block the Ice Fiend's attack. The Ice Fiend misses you.
Casting: Irradiate (safe; 1% risk of failure)
Confirm with . or Enter, or press ? or * to list all spells.
You erupt in a fountain of uncontrolled magic!
The Ice Fiend is blasted with magical radiation!!
You kill the Ice Fiend!
You are contaminated with residual magic.
There is a stone staircase leading up here.
You climb upwards.
An Orb Guardian comes into view.
There is a stone staircase leading down here.
What level of the Dungeon? (default 1, ? - help)
An Orb Guardian is nearby!
You feel less contaminated with magical energies.
There is a stone staircase leading up here.
You climb upwards.
There is a stone staircase leading down here.
What level of the Dungeon? (default 1, ? - help)
There is a stone staircase leading up here.
You climb upwards.
There is a stone staircase leading down here.
An Orb Guardian comes into view.
There is a stone staircase leading up here.
You climb upwards.
There is a stone staircase leading down here.
What level of the Dungeon? (default 1, ? - help) Magic restored.
There is a stone staircase leading up here.
You climb upwards.
There is a stone staircase leading down here.
There is a stone staircase leading up here.
You climb upwards.
There is a stone staircase leading down here.
There is a stone staircase leading up here.
You climb upwards.
There is a stone staircase leading down here.
There is an open door here.
Your magical contamination has completely faded away.
You see here 5 stones.
You see here a +0 short sword.
There is an open door here.
There is a staircase leading out of the dungeon here.
There is an open door here.
There is a staircase leading out of the dungeon here.
You have escaped!

....####.#.###...####.........###
....................'.........+..
....####.........####.........###
#.#.# ###.#.##..# ##.......##
###.## #.#.###.# ##.....## #...#
#.#.# #.# ##...## #.#.# #.#.# #.#
##'## #########################.#
................@#.....##.#
################'#####.##.##
.................# #.#...##
################.#####......#
..........)......#.........######
##################.###.##........
#.......# #.##.#######
###.#######.##.# #.........##.#


There were no monsters in sight!

Vanquished Creatures
  the Royal Jelly (Slime:5)
  Khufu (Crypt:1)
  2 orbs of fire (Zot:5)
  3 ancient liches
  2 dread liches
  Mara (Swamp:4)
  A juggernaut (Depths:4)
  A royal mummy (Crypt:1)
  Bai Suzhen (Vaults:4)
  A pandemonium lord (Depths:3)
  Sojobo (Crypt:3)
  Boris (Depths:1)
  Vv (Crypt:3)
  A curse toe (Zot:2)
  Jory (Vaults:3)
  7 golden dragons
  Nikola (Depths:1)
  A profane servitor (Crypt:3)
  the Enchantress (Depths:1)
  4 bone dragons
  A Brimstone Fiend (Depths:4)
  2 electric golems
  Jorgrun (Orc:1)
  Rupert (Orc:2)
  An Ice Fiend (D:8)
  18 Orb Guardians
  A sphinx (Vaults:5)
  A walking earthen tome (Depths:2)
  7 liches
  13 tentacled monstrosities
  A walking frostbound tome (Depths:2)
  3 deep elf master archers (Elf:3)
  2 titans
  3 quicksilver dragons
  An Executioner (Abyss:3)
  5 death cobs
  3 tentacled starspawn (Abyss:3)
  2 deep elf blademasters (Elf:3)
  10 ancient champions
  8 shadow dragons
  The ghost of Guam the Warrior, an adept HOMo of Beogh (Depths:3)
  14 acid blobs
  A thorn hunter (Swamp:3)
  Kirke (Swamp:4)
  4 storm dragons
  Aizul (Swamp:4)
  Donald (Crypt:1)
  7 fire giants
  12 tengu reavers
  3 protean progenitors
  4 revenants
  2 fenstrider witches
  10 azure jellies
  2 draconian monks
  2 iron dragons
  11 rockslimes
  2 draconian knights
  15 vault wardens
  4 draconian shifters
  3 draconian scorchers
  8 deep elf sorcerers
  6 frost giants
  3 ghost moths
  3 ghouls
  6 deep elf elementalists
  A cacodemon (Depths:2)
  3 draconian annihilators (Zot:1)
  A draconian stormcaller (Zot:4)
  4 broodmothers
  3 curse skulls
  An orc warlord (Vaults:1)
  A juggernaut skeleton (Abyss:3)
  9 formless jellyfish
  14 ironbound preservers
  11 stone giants
  7 quicksilver oozes
  32 very ugly things
  4 spriggan defenders
  6 ironbound thunderhulks
  7 black draconians
  Nessos (D:13)
  2 green draconians
  6 deep elf demonologists
  12 vampire knights
  5 eleionomae
  9 deep elf annihilators
  4 white draconians
  4 spark wasps
  7 deep elf death magi
  4 red draconians
  3 yellow draconians
  A war gargoyle (Vaults:4)
  5 dire elephants
  6 bunyips
  2 purple draconians (Zot:4)
  The ghost of Raspi the Nimble, a journeyman DrSh of Gozag (Lair:3)
  3 blizzard demons (Abyss:3)
  10 ettins
  6 eidola
  2 green deaths (Swamp:4)
  Josephine (Orc:2)
  11 jiangshi
  5 deep elf high priests
  5 fire dragons
  A crystal guardian (Vaults:4)
  2 merfolk javelineers
  A spectral golden dragon (Depths:3)
  12 yaktaur captains
  2 shambling mangroves
  7 entropy weavers
  Fannar (Lair:2)
  A spectral sphinx (Depths:3)
  29 vault guards
  10 great orbs of eyes
  5 rakshasas
  A salamander tyrant (Depths:2)
  3 hell beasts
  6 ogre magi
  A catoblepas (Lair:5)
  A ghost crab (Swamp:2)
  3 caustic shrike simulacra
  3 jorogumos
  2 spriggan skeletons (Crypt:1)
  7 ice dragons
  9 alligators
  17 hydras
  14 centaur warriors
  16 two-headed ogres
  2 boulder beetles
  A peacekeeper (Vaults:4)
  10 spriggan air magi
  5 ironbound frosthearts
  6 deep troll shamans
  6 tengu warriors
  2 death knights
  13 death yaks
  4 hell hogs (D:15)
  12 vampire magi
  25 dancing weapons
  A titan zombie (Depths:2)
  3 demonic crawlers
  An orc high priest (Elf:1)
  Urug (Lair:4)
  3 thrashing horrors
  6 deep troll earth magi
  A spectral storm dragon (Depths:3)
  Sonja (Orc:1)
  20 hell knights
  8 spriggan berserkers
  2 soul eaters
  2 sun demons
  2 skysharks
  8 iron trolls
  A sixfirhy (Abyss:3)
  2 wretched stars (Abyss:3)
  30 skeletal warriors
  A spatial maelstrom (Abyss:3)
  A fire crab (shapeshifter) (Elf:1)
  14 deep elf knights
  3 pharaoh ants
  3 shadow wraiths (Crypt:3)
  Lodul (D:13)
  2 death drakes (shapeshifter) (Vaults:5)
  46 deep trolls
  5 orb spiders
  A spriggan simulacrum (Depths:2)
  A deep troll (shapeshifter) (Depths:3)
  A goliath frog (Swamp:3)
  An orb spider (shapeshifter) (Vaults:5)
  8 bog bodies
  5 spriggan druids
  An orange crystal statue (Zot:5)
  A swamp dragon (shapeshifter) (Vaults:5)
  3 shadow demons
  10 flayed ghosts
  6 swamp dragons
  A bunyip skeleton (Crypt:3)
  4 glowing orange brains
  12 necromancers
  3 sun moths
  10 deep elf archers
  20 ironbound convokers
  6 arcanists
  9 phantasmal warriors
  3 lindwurms
  18 wolf spiders
  16 harpies
  36 ugly things
  A frost giant zombie (Depths:2)
  An iron giant skeleton (Crypt:1)
  4 steelbarb worms
  A golden dragon skeleton (Crypt:1)
  8 orc knights
  22 deep elf zephyrmancers
  Maurice (D:7)
  22 deep elf pyromancers
  A shining eye (Slime:4)
  3 cyclopes
  3 oklob plants
  5 orc sorcerers
  5 manticores
  2 worldbinders (Abyss:3)
  A jorogumo skeleton (Crypt:2)
  7 will-o-the-wisps
  2 black mambas
  9 large abominations
  A guardian serpent (shapeshifter) (Vaults:5)
  A salamander (shapeshifter) (Elf:2)
  A dire elephant zombie (Crypt:3)
  A fire giant skeleton (Vaults:2)
  An orc zombie (Crypt:1)
  A faun (shapeshifter) (Elf:3)
  13 moths of wrath
  7 meliai
  28 elephants
  An apocalypse crab (Abyss:1)
  2 centaur zombies
  2 eyes of devastation
  A rust devil (Abyss:3)
  2 titan simulacra
  Joseph (D:7)
  6 smoke demons
  A gargoyle (D:12)
  5 torpor snails
  29 vault sentinels
  3 orange demons
  Jeremiah (D:7)
  11 cane toads
  An alligator snapping turtle zombie (Crypt:1)
  A rime drake (shapeshifter) (Elf:3)
  Maggie (Lair:1)
  5 kobold demonologists
  An unseen horror (D:10)
  An alligator snapping turtle skeleton (Crypt:1)
  11 freezing wraiths
  3 rime drakes
  10 komodo dragons
  A yaktaur (shapeshifter) (Vaults:5)
  A yellow draconian skeleton (Crypt:2)
  A tormentor (Depths:2)
  A white draconian zombie (Crypt:3)
  A yaktaur skeleton (Vaults:2)
  3 tengu conjurers
  A minotaur skeleton (Crypt:1)
  A komodo dragon (shapeshifter) (Vaults:4)
  35 yaktaurs
  3 bloated husks
  3 ancient zymes (Abyss:3)
  10 trolls
  A mana viper skeleton (Crypt:3)
  A great orb of eyes zombie (Crypt:3)
  An elf skeleton (Vaults:4)
  3 polar bears
  2 queen bees
  2 hellwings (Abyss:3)
  2 polar bears (shapeshifter)
  23 hornets
  22 tarantellas
  9 tyrant leeches
  34 blink frogs
  A blink frog (shapeshifter) (Elf:1)
  2 glass eyes
  A raiju (Abyss:3)
  An iron dragon simulacrum (Depths:2)
  A tarantella zombie (Crypt:3)
  A harpy skeleton (Crypt:1)
  A glass eye (shapeshifter) (Elf:1)
  A jumping spider zombie (Crypt:3)
  7 dream sheep (Lair:4)
  2 fire dragon zombies
  An ettin zombie (Crypt:1)
  A human simulacrum (Vaults:4)
  A centaur simulacrum (D:14)
  A satyr skeleton (Crypt:3)
  24 spriggans
  19 jumping spiders
  6 shadows
  9 air elementals
  17 culicivoras
  12 wraiths
  104 slime creatures
  11 water elementals
  3 hogs (Swamp:4)
  7 vampires
  A naga simulacrum (Crypt:1)
  43 yaks
  2 black mamba skeletons
  2 fire elementals
  7 basilisks
  An elf zombie (Vaults:4)
  3 ynoxinuls (Abyss:3)
  4 fire bats
  6 wyverns
  Grum (D:11)
  16 humans (D:13)
  12 wargs
  67 redbacks
  A steam dragon (D:9)
  A basilisk (shapeshifter) (D:13)
  13 vampire mosquitoes
  2 chaos spawn (Abyss:3)
  A neqoxec (D:9)
  A merfolk zombie (Crypt:2)
  7 small abominations (Abyss:3)
  20 swamp worms
  A harpy simulacrum (Abyss:3)
  3 acid dragons
  17 water moccasins
  A naga skeleton (Crypt:3)
  19 orc warriors
  5 black bears
  A demonspawn skeleton (Crypt:1)
  A human zombie (Vaults:4)
  2 ice beasts
  A sky beast (D:7)
  2 swamp drakes
  6 laughing skulls
  9 ogres
  A boggart (shapeshifter) (Elf:2)
  A black mamba simulacrum (Crypt:1)
  24 wolves
  An ettin simulacrum (Crypt:3)
  3 boggarts (Vaults:2)
  27 centaurs
  A dream sheep skeleton (Crypt:3)
  A rime drake zombie (Crypt:3)
  2 brain worms
  3 earth elementals
  15 bullfrogs
  A gnoll sergeant (D:10)
  2 scorpions
  A necrophage (Crypt:2)
  A wyvern skeleton (Crypt:1)
  5 wights (D:7)
  A raiju zombie (Crypt:1)
  26 killer bees (Lair:2)
  A polar bear skeleton (Crypt:2)
  2 electric eels (D:6)
  4 howler monkeys
  A bombardier beetle (D:6)
  A bullfrog zombie (Crypt:2)
  Crazy Yiuf (D:5)
  3 hounds
  2 jellies (D:5)
  11 orc priests
  8 starcursed masses (Abyss:3)
  An iron imp (Abyss:3)
  2 gnoll boudas
  Ijyb (D:5)
  Terence (D:2)
  7 iguanas
  33 orc wizards
  A deep dwarf skeleton (Crypt:1)
  2 mummies (Crypt:2)
  11 gnolls
  4 adders
  4 white imps
  8 ufetubi
  A worm (D:2)
  A dart slug (D:4)
  81 orcs
  9 bats
  8 endoplasms
  4 giant cockroaches
  11 goblins
  9 hobgoblins
  16 jackals
  3 quokkas
  5 ball pythons
  4 frilled lizards
  A frilled lizard zombie (Crypt:3)
  4 kobolds
  A kobold skeleton (Crypt:2)
  An orc skeleton (Crypt:2)
  9 rats
  An aspiring flesh (Zot:5)
  A fulminant prism (Lair:5)
  2 lurking horrors (Abyss:3)
2368 creatures vanquished.

Vanquished Creatures (collateral kills)
  A lich (Abyss:2)
  2 Orb Guardians (Zot:5)
  A quicksilver dragon (Vaults:5)
  A tentacled starspawn (Abyss:3)
  A death cob (Zot:5)
  An Executioner (Abyss:3)
  A shadow dragon (Vaults:5)
  A storm dragon (Zot:3)
  A draconian monk (Zot:1)
  A protean progenitor (Zot:2)
  3 draconian shifters
  An emperor scorpion (Zot:5)
  A draconian scorcher (Zot:4)
  A ghost moth (Zot:5)
  2 draconian knights
  An angel (Abyss:3)
  2 draconian stormcallers (Zot:4)
  4 black draconians
  A green draconian (Zot:1)
  2 very ugly things (Abyss:3)
  2 yellow draconians (Zot:2)
  4 white draconians
  A red draconian (Zot:4)
  A radroach (Zot:5)
  2 wretched stars
  2 moths of wrath (Zot:5)
  An ugly thing (D:14)
  2 vault sentinels (Vaults:5)
  A smoke demon (Abyss:3)
  A hornet (Swamp:1)
  A ynoxinul (Abyss:2)
  A redback (Spider:1)
  A brain worm (Abyss:2)
  3 aspiring fleshes
52 creatures vanquished.

Vanquished Creatures (others)
  20 eldritch tentacles
  A black draconian (Zot:5)
  2 war gargoyles
  A purple draconian (Depths:4)
  A spriggan (Depths:2)
  A sixfirhy (Abyss:3)
  A deep elf zephyrmancer (Elf:3)
  An ugly thing (Swamp:4)
  A hornet (Depths:2)
  A bloated husk (Swamp:2)
  A hog (Swamp:4)
  A spatial vortex (Abyss:3)
  18 foxfires
  92 fulminant prisms
  A lurking horror (Abyss:3)
  4 starspawn tentacles (Abyss:3)
147 creatures vanquished.

Grand Total: 2567 creatures vanquished

Notes
Turn   | Place    | Note
-------+----------+-------------------------------------------
     0 | D:1      | Iwannabefree the Human Conjurer began the quest for the
                  | Orb.
     0 | D:1      | Reached XP level 1. HP: 13/13 MP: 3/3
   317 | D:1      | Reached XP level 2. HP: 19/19 MP: 3/5
   321 | D:1      | Learned a level 2 spell: Searing Ray
   808 | D:1      | Reached XP level 3. HP: 24/24 MP: 2/6
  1403 | D:2      | Reached XP level 4. HP: 30/30 MP: 5/8
  1426 | D:2      | Noticed Terence
  1457 | D:2      | Killed Terence
  1458 | D:2      | Reached skill level 5 in Conjurations
  1802 | D:3      | Reached XP level 5. HP: 35/35 MP: 10/10
  1865 | D:3      | Found Iskacan's Jewellery Emporium.
  2123 | D:4      | Noticed a black bear
  2151 | D:4      | Killed a black bear
  2152 | D:4      | Reached XP level 6. HP: 41/41 MP: 2/12
  2194 | D:4      | Found a snail-covered altar of Cheibriados.
  2194 | D:4      | Found a glowing golden altar of the Shining One.
  2467 | D:5      | Entered Level 5 of the Dungeon
  2476 | D:5      | Noticed Ijyb
  2487 | D:5      | Killed Ijyb
  2520 | D:5      | Reached XP level 7. HP: 42/46 MP: 5/14
  2547 | D:5      | Reached skill level 5 in Spellcasting
  2553 | D:5      | Found Tariby's Mass Market.
  2619 | D:5      | Learned a level 4 spell: Fulminant Prism
  2656 | D:5      | Found a white marble altar of Elyvilon.
  2696 | D:5      | Found a transporter.
  2735 | D:5      | Reached skill level 1 in Alchemy
  2735 | D:5      | Reached XP level 8. HP: 52/52 MP: 11/16
  2868 | D:5      | Found a transporter.
  2931 | D:5      | Found a burning altar of Makhleb.
  2976 | D:5      | Found a hazy altar of Hepliaklqana.
  3076 | D:5      | Found a runed translucent door.
  3077 | D:5      | Noticed Crazy Yiuf
  3250 | D:5      | Killed Crazy Yiuf
  3594 | D:6      | Found a staircase to the Ecumenical Temple.
  3602 | Temple   | Entered the Ecumenical Temple
  3609 | Temple   | Became a worshipper of Ashenzari the Shackled
  3689 | D:6      | Reached XP level 9. HP: 53/57 MP: 10/19
  3910 | D:6      | Reached skill level 1 in Short Blades
  4093 | D:7      | Noticed Joseph
  4120 | D:7      | HP: 11/57 [Joseph/sling bullet (3)]
  4323 | D:7      | Killed Joseph
  4348 | D:7      | Noticed a hornet
  4356 | D:7      | Killed a hornet
  4372 | D:7      | Noticed Jeremiah
  4384 | D:7      | Killed Jeremiah
  4385 | D:7      | Reached skill level 1 in Fighting
  4398 | D:7      | Iwannabefree: ??mayhem
  4398 | D:7      | beem: orb of mayhem[1/1]: Whenever you kill something while
                  | wearing this, there's a 50% chance that one monster that
                  | can see both you & your victim will {frenzy}. They go
                  | neutral, attacking whatever's nearest them, and get
                  | haste+might. Ally kills, reflection etc work too. Allies
                  | can be frenzied.
  4446 | D:7      | Noticed Maurice
  4446 | D:7      | Noticed a harpy
  4450 | D:7      | Killed a harpy
  4451 | D:7      | Reached skill level 2 in Fighting
  4451 | D:7      | Reached XP level 10. HP: 54/69 MP: 22/22
  4453 | D:7      | Something stole 314 gold
  4454 | D:7      | Killed Maurice
  4455 | D:7      | Reached skill level 3 in Fighting
  4517 | D:7      | Learned a level 3 spell: Mephitic Cloud
  4640 | D:7      | Found a sacrificial altar of Ru.
  4678 | D:7      | Found a blossoming altar of Fedhas.
  4850 | D:8      | Reached skill level 1 in Air Magic
  5035 | D:8      | Found a staircase to the Lair.
  5040 | D:8      | Reached skill level 4 in Fighting
  5131 | D:8      | Reached skill level 5 in Stealth
  5435 | D:8      | Reached * piety under Ashenzari
  5435 | D:8      | Identified a scroll of acquirement
  5857 | D:9      | Noticed a manticore
  5872 | D:9      | Killed a manticore
  6062 | D:9      | Reached skill level 5 in Long Blades
  6139 | D:9      | Reached ** piety under Ashenzari
  6147 | D:9      | Noticed a two-headed ogre
  6159 | D:9      | Killed a two-headed ogre
  6160 | D:9      | Reached XP level 11. HP: 51/81 MP: 13/24
  6459 | D:10     | Entered Level 10 of the Dungeon
  6459 | D:10     | Noticed a two-headed ogre
  6470 | D:10     | Killed a two-headed ogre
  6561 | D:10     | Noticed a great orb of eyes
  6619 | D:10     | Identified the cursed +1 cloak "Enigmatic Yoke" {Stlth+,
                  | Fort, Self} (You took it off Crazy Yiuf on level 5 of the
                  | Dungeon)
  6619 | D:10     | Identified the cursed +0 helmet "Chained Idealism" {Self,
                  | Sorc} (You found it on level 2 of the Dungeon)
  6619 | D:10     | Identified the cursed amulet "Ensconced With Me" {Reflect
                  | SH+5, Bglg, Fort} (You found it on level 2 of the Dungeon)
  7042 | D:10     | Reached skill level 10 in Long Blades
  7050 | D:10     | Noticed a two-headed ogre
  7067 | D:10     | Killed a two-headed ogre
  7245 | D:10     | Noticed a two-headed ogre
  7250 | D:10     | Killed a two-headed ogre
  7382 | D:10     | Killed a great orb of eyes
  7732 | D:10     | Noticed a cyclops
  7735 | D:10     | Acquired the +11 great sword "Malata" {venom, Int+2}
  7752 | D:10     | Killed a cyclops
  7753 | D:10     | Reached XP level 12. HP: 87/87 MP: 18/25
  7806 | D:10     | Noticed a boulder beetle
  7815 | D:10     | Killed a boulder beetle
  8041 | D:11     | Found a staircase to the Orcish Mines.
  8152 | D:11     | Found Akugeqaw's Antique Armour Shoppe.
  8313 | D:11     | Reached *** piety under Ashenzari
  8313 | D:11     | Reached **** piety under Ashenzari
  8378 | D:11     | Reached skill level 1 in Evocations
  8632 | D:11     | Noticed Grum
  8645 | D:11     | Killed Grum
  8646 | D:11     | Reached skill level 5 in Fighting
  9147 | D:10     | Noticed a stone giant
  9153 | D:10     | HP: 6/92 [stone giant/large rock (49)]
  9154 | D:10     | Iwannabefree: ??stone giant
  9154 | D:10     | beem: stone giant[1/3]: Like a speed 10 cyclops that hits
                  | much harder.
  9154 | D:10     | Iwannabefree: ??stone giant[2
  9154 | D:10     | beem: stone giant[2/3]: Like a cyclops if it's WIELDING a
                  | cyclops, maybe. A cyclops with a giant spiked club.
  9154 | D:10     | Iwannabefree: ??stone giant[3
  9154 | D:10     | beem: stone giant[3/3]: biclops
  9154 | D:10     | Iwannabefree: ??throwing
  9154 | D:10     | beem: throwing[1/2]: Throw a {stone}, {boomerang},
                  | {javelin}, or {large rock} at a target to damage them, or
                  | throw a {dart} to debuff them. See {ammunition} for the
                  | base damage of various throwing items. Throwing delay is
                  | based on the object being thrown and is is lowered by 1 AUT
                  | per two levels of skill. Thrown ammo of these types can
                  | mulch; see {mulching} for mulch rates.
  9154 | D:10     | Iwannabefree: ??throwing[2
  9154 | D:10     | beem: throwing[2/2]: Throwing skill is added to base damage
                  | (only 1/2 skill for stones)
  9154 | D:10     | Killed a stone giant
  9542 | Lair:1   | Entered Level 1 of the Lair of Beasts
  9600 | Lair:1   | Noticed Maggie
  9610 | Lair:1   | Killed Maggie
  9679 | Lair:1   | Reached skill level 6 in Fighting
  9824 | Lair:1   | Found a runed translucent gate.
  9824 | Lair:1   | Found a runed translucent gate.
  9825 | Lair:1   | Found a runed translucent gate.
 10174 | Lair:1   | Noticed PanSaczeczos's ghost (journeyman SpAr)
 10386 | Lair:2   | Reached XP level 13. HP: 70/102 MP: 11/27
 10389 | Lair:2   | Reached skill level 7 in Fighting
 10400 | Lair:2   | Noticed Fannar
 10418 | Lair:2   | Killed Fannar
 10556 | Lair:2   | Reached skill level 8 in Fighting
 10716 | Lair:2   | Acquired 979 gold pieces
 11042 | Lair:2   | Reached skill level 9 in Fighting
 11053 | Lair:2   | Reached skill level 15 in Long Blades
 11659 | Lair:3   | Reached skill level 10 in Fighting
 11758 | Lair:3   | Found a hole to the Spider Nest.
 11961 | Lair:3   | Found a runed translucent door.
 11961 | Lair:3   | Found a shimmering altar of Xom.
 11961 | Lair:3   | Noticed Raspi's ghost (journeyman DrSh)
 11961 | Lair:3   | Identified the +1 helmet of Temperance {rCorr Dex+2}
 12177 | Lair:3   | Reached XP level 14. HP: 108/118 MP: 15/28
 12337 | Lair:3   | Found a staircase to the Swamp.
 12676 | Lair:4   | Reached skill level 5 in Dodging
 12700 | Lair:4   | Noticed Urug
 12719 | Lair:4   | Killed Urug
 12720 | Lair:4   | Reached skill level 11 in Fighting
 12789 | Lair:4   | Learned a level 3 spell: Volatile Blastmotes
 12827 | Lair:4   | Reached skill level 1 in Translocations
 12827 | Lair:4   | Reached skill level 1 in Fire Magic
 12923 | Lair:4   | Found a staircase to the Slime Pits.
 13463 | Lair:5   | Entered Level 5 of the Lair of Beasts
 13553 | Lair:5   | Learned a level 6 spell: Bombard
 13625 | Lair:4   | Reached skill level 1 in Earth Magic
 13816 | Lair:5   | Reached skill level 10 in Conjurations
 14060 | Lair:5   | Reached XP level 15. HP: 109/125 MP: 25/29
 14277 | Lair:5   | Reached skill level 5 in Earth Magic
 14783 | Lair:5   | HP: 24/125 [death yak (19)]
 15390 | D:12     | Learned a level 5 spell: Lee's Rapid Deconstruction
 15390 | D:12     | Found a portal to a secret trove of treasure.
 15423 | D:12     | Found a shadowy altar of Dithmenos.
 16367 | Orc:1    | Entered Level 1 of the Orcish Mines
 16431 | Orc:1    | Noticed Sonja
 16441 | Orc:1    | Killed Sonja
 16539 | Orc:1    | Found a transporter.
 16609 | Orc:1    | Found a transporter.
 16612 | Orc:1    | Noticed Vupaekk's ghost (journeyman DsEE)
 16612 | Orc:1    | Identified the +2 helmet of Impermeability {rF- rC+ Regen+}
 16803 | Orc:1    | Reached ***** piety under Ashenzari
 17271 | Orc:2    | Entered Level 2 of the Orcish Mines
 17271 | Orc:2    | Found a staircase to the Elven Halls.
 18024 | Orc:2    | Noticed Rupert
 18128 | Orc:2    | Reached skill level 10 in Earth Magic
 18143 | Orc:2    | Paralysed by Rupert for 2 turns
 18150 | Orc:2    | Killed Rupert
 18201 | Orc:2    | Found Bouragij's Distillery.
 18256 | Orc:2    | Reached XP level 16. HP: 97/136 MP: 14/32
 18373 | Orc:2    | Noticed Josephine
 18387 | Orc:2    | Killed Josephine
 18603 | Orc:2    | Found Qaona's Magic Scroll Shoppe.
 18626 | Orc:2    | Found Yhaciatt's Weapon Emporium.
 18752 | Orc:1    | Noticed Jorgrun
 18761 | Orc:1    | Killed Jorgrun
 19441 | D:13     | Noticed Lodul
 19441 | D:13     | Noticed Nessos
 19478 | D:13     | Killed Lodul
 19483 | D:13     | Killed Nessos
 19527 | D:13     | Found a gate to the Vaults.
 19999 | D:14     | Reached skill level 10 in Dodging
 20828 | D:15     | Entered Level 15 of the Dungeon
 21227 | D:15     | Identified the +5 flail "Unilir" {venom, rN+ SInv}
 21958 | D:15     | Found a staircase to the Depths.
 22587 | Lair:3   | Killed Raspi's ghost
 22695 | Swamp:1  | Entered Level 1 of the Swamp
 22736 | Spider:1 | Entered Level 1 of the Spider Nest
 23003 | Lair:3   | HP: 23/134 [demonic crawler (12)]
 23247 | Lair:3   | Reached skill level 1 in Armour
 23979 | Lair:3   | Reached XP level 17. HP: 95/140 MP: 7/31
 24595 | Spider:2 | Reached skill level 5 in Armour
 27747 | Spider:4 | Entered Level 4 of the Spider Nest
 28156 | Spider:3 | Reached skill level 10 in Spellcasting
 29634 | Swamp:1  | HP: 26/140 [swamp worm (12)]
 30131 | Swamp:1  | HP: 25/140 [five-headed hydra (6)]
 30131 | Swamp:1  | HP: 10/140 [five-headed hydra (4)]
 30195 | Swamp:1  | Identified the +6 falchion of the Briny Deep {heavy, Int+2}
 30891 | Swamp:1  | Iwannabefree: ??bunyip
 30891 | Swamp:1  | beem: bunyip[1/2]: A fast (speed 15) monster with three
                  | 1d40 melee attacks and {warning cry} that's found in
                  | {Swamp}. Has a long recovery time after each attack, like a
                  | {juggernaut}. Added in 0.26.
 31324 | Swamp:2  | Learned a level 4 spell: Olgreb's Toxic Radiance
 31326 | Swamp:2  | Found a runed translucent door.
 31326 | Swamp:2  | Found a shimmering altar of Xom.
 31326 | Swamp:2  | Noticed SlaveLabor's ghost (journeyman DgHu)
 31327 | Swamp:2  | Found the +8 Wrath of Trog {antimagic, *Rage Rampage}
 31414 | Swamp:2  | Reached XP level 18. HP: 86/148 MP: 37/37
 31589 | Swamp:2  | Identified the +9 long sword of Dullness {freeze, rF+ rN+}
 32166 | Swamp:2  | Learned a level 2 spell: Blink
 32188 | Swamp:1  | Reached skill level 5 in Fire Magic
 32221 | Swamp:1  | Identified the amulet of the Shishi {Reflect Int+3 SH+5}
 32390 | Swamp:3  | Learned a level 4 spell: Vhi's Electric Charge
 32432 | Swamp:3  | Reached skill level 5 in Air Magic
 33218 | Swamp:4  | Entered Level 4 of the Swamp
 33224 | Swamp:4  | Noticed Kirke
 33261 | Swamp:4  | Killed Kirke
 33849 | Swamp:4  | Identified the serpent talisman of the Apothecary {*Corrode
                  | rF+ rC+ SInv}
 33849 | Swamp:4  | Noticed Aizul
 33862 | Swamp:4  | Killed Aizul
 34345 | Swamp:4  | Paralysed by a fenstrider witch for 4 turns
 34524 | Swamp:4  | Noticed Mara
 34540 | Swamp:4  | Noticed Iwannabefree's illusion
 34712 | Swamp:4  | Noticed Iwannabefree's illusion
 34715 | Swamp:4  | Killed Mara
 34785 | Swamp:4  | Learned a level 6 spell: Plasma Beam
 35677 | Swamp:4  | Got a decaying rune of Zot
 36016 | Spider:4 | Reached XP level 19. HP: 132/154 MP: 31/38
 36419 | Spider:4 | Got a gossamer rune of Zot
 36976 | Elf:1    | Entered Level 1 of the Elven Halls
 37013 | Elf:1    | Reached skill level 1 in Shields
 37140 | Elf:1    | Found a shimmering blue altar of Sif Muna.
 37619 | Elf:1    | Found Otil's General Store.
 37625 | Elf:1    | Bought a scroll of enchant weapon for 105 gold pieces
 37625 | Elf:1    | Bought a wand of digging (4) for 235 gold pieces
 37872 | Elf:1    | Paralysed by an air elemental for 1 turns
 38051 | Elf:1    | Learned a level 4 spell: Ignite Poison
 38132 | Elf:2    | Reached skill level 5 in Shields
 38593 | Elf:2    | Learned a level 5 spell: Irradiate
 38631 | Elf:2    | Learned a level 5 spell: Freezing Cloud
 38738 | Elf:2    | Found Zikuunas's Book Boutique.
 38738 | Elf:2    | Found Eheet's Jewellery Shoppe.
 38739 | Elf:2    | Found Zikaorcha's Book Boutique.
 38749 | Elf:2    | Bought a book of the Spheres for 1024 gold pieces
 38756 | Elf:2    | Learned a level 5 spell: Fireball
 38837 | Elf:2    | Found a runed translucent gate.
 38837 | Elf:2    | Found a runed translucent gate.
 38837 | Elf:2    | Found a runed translucent gate.
 40200 | Elf:3    | Entered Level 3 of the Elven Halls
 40294 | Elf:3    | Reached skill level 10 in Armour
 40485 | Elf:3    | Gained mutation: You occasionally lose the ability to drink
                  | potions when taking damage. [mutagenic glow]
 40503 | Elf:3    | Lost mutation: You occasionally lose the ability to drink
                  | potions when taking damage. [potion of mutation]
 40503 | Elf:3    | Gained mutation: You occasionally lose the ability to drink
                  | potions when taking damage. [potion of mutation]
 40503 | Elf:3    | Gained mutation: Your mind is acute. (Int +4, Str/Dex -1)
                  | [potion of mutation]
 40507 | Elf:3    | Lost mutation: Your mind is acute. (Int +4, Str/Dex -1)
                  | [potion of mutation]
 40507 | Elf:3    | Lost mutation: You occasionally lose the ability to drink
                  | potions when taking damage. [potion of mutation]
 40507 | Elf:3    | Gained mutation: You are partially covered in iridescent
                  | scales. (AC +2) [potion of mutation]
 40507 | Elf:3    | Gained mutation: Your health recovers twice as slowly from
                  | being drained. [potion of mutation]
 40507 | Elf:3    | Gained mutation: You are agile. (Dex +4, Str/Int -1)
                  | [potion of mutation]
 40507 | Elf:3    | Gained mutation: You are mostly covered in iridescent
                  | scales. (AC +4) [potion of mutation]
 40508 | Elf:3    | Lost mutation: You are mostly covered in iridescent scales.
                  | (AC +4) [potion of mutation]
 40508 | Elf:3    | Lost mutation: You are agile. (Dex +4, Str/Int -1) [potion
                  | of mutation]
 40508 | Elf:3    | Gained mutation: Your system is resistant to poisons.
                  | (rPois) [potion of mutation]
 40508 | Elf:3    | Lost mutation: You are partially covered in iridescent
                  | scales. (AC +2) [potion of mutation]
 40508 | Elf:3    | Gained mutation: You are partially covered in iridescent
                  | scales. (AC +2) [potion of mutation]
 40692 | Elf:3    | Reached XP level 20. HP: 164/164 MP: 14/40
 40948 | Elf:3    | Identified the +4 great mace of the Final Decision {spect,
                  | ^Drain rPois Str+5 SInv}
 40948 | Elf:3    | Identified the ring "Yxzeitt" {+Blink Fly rPois Stlth+}
 41163 | Elf:3    | Identified the +1 chain mail "Xig Cokh" {rElec rPois Dex-2}
 41329 | Elf:3    | Learned a level 7 spell: Orb of Destruction
 41533 | Elf:3    | Identified the +12 great sword "Ekumosutt" {speed, Will+
                  | Int+2}
 41669 | Elf:3    | Identified the ring "Meopnu" {rN+ SInv}
 42108 | Elf:3    | Identified the Directory of Guile and Heat
 42108 | Elf:3    | Identified the staff of Fucahoa {rF+ rC+ Hexes Fire
                  | Alchemy}
 42110 | Elf:3    | Found the +7 captain's cutlass {speed, disarm}
 42110 | Elf:3    | Identified the +8 mace of Animal Spirits {antimagic, rPois
                  | Dex+2}
 42394 | Vaults:1 | Entered Level 1 of the Vaults
 42425 | Vaults:1 | Reached skill level 10 in Fire Magic
 43083 | Vaults:1 | Identified the +3 leather armour of Beyond {+Inv rPois
                  | Int+3}
 43590 | Vaults:1 | Reached XP level 21. HP: 167/172 MP: 38/42
 43703 | Vaults:2 | Reached skill level 12 in Fighting
 43953 | Vaults:2 | Reached skill level 13 in Fighting
 44106 | Vaults:2 | Found a staircase to the Crypt.
 44113 | Vaults:2 | Paralysed by a vampire knight for 4 turns
 44459 | Vaults:2 | Reached skill level 14 in Fighting
 44847 | Vaults:3 | Noticed Jory
 44859 | Vaults:3 | Killed Jory
 45261 | Vaults:3 | Reached skill level 15 in Fighting
 46692 | Vaults:4 | Paralysed by a formless jellyfish for 1 turns
 46874 | Vaults:4 | Reached skill level 16 in Fighting
 47085 | Vaults:4 | Noticed Bai Suzhen
 47136 | Vaults:4 | Killed Bai Suzhen
 47220 | Vaults:4 | Reached XP level 22. HP: 174/192 MP: 13/42
 47238 | Vaults:4 | Noticed a golden dragon
 47260 | Vaults:4 | Killed a golden dragon
 47271 | Vaults:4 | Identified the +3 pair of boots of Autumn {^Drain Dex+7
                  | Slay+2}
 47271 | Vaults:4 | Identified the ring of Varoeff {rElec Str+5 Dex+6}
 47283 | Vaults:4 | Identified the +9 whip "Hydrabane" {drain, rElec rF- rCorr
                  | Int+4}
 47396 | Vaults:4 | Reached skill level 17 in Fighting
 48013 | Elf:2    | Bought a book of Decay for 640 gold pieces
 48019 | Elf:2    | Learned a level 4 spell: Dispel Undead
 48266 | Crypt:1  | Entered Level 1 of the Crypt
 48378 | Crypt:1  | Reached skill level 1 in Necromancy
 48406 | Crypt:1  | Learned a level 2 spell: Lesser Beckoning
 48823 | Crypt:1  | Reached skill level 5 in Necromancy
 48964 | Crypt:1  | Iwannabefree: ??lcs
 48964 | Crypt:1  | beem: lehudib's crystal spear[1/1]: AKA: Crystal spear or
                  | the acronym LCS. Level 8 Conjurations/Earth spell, found
                  | only in Book of Annihilations, randart Sif gifts, and
                  | Vehumet offerings. 10d22.3 at max power, theoretically, and
                  | unresistable. The strongest single target conjuration, but
                  | its range is one square less than that of Iron Shot.
                  | To-hit: 10+power/15.
 49501 | Crypt:2  | Noticed Khufu
 49509 | Crypt:2  | Noticed a royal mummy
 49512 | Crypt:2  | Identified the +9 rapier of Ralarun {heavy, rCorr SInv
                  | Stlth+}
 49598 | Crypt:2  | Noticed Donald
 49705 | Crypt:1  | Killed Donald
 49860 | Crypt:1  | Killed Khufu
 50009 | Crypt:1  | Killed a royal mummy
 50642 | Crypt:1  | Found a basalt altar of Yredelemnul.
 50776 | Crypt:3  | Entered Level 3 of the Crypt
 50983 | Crypt:3  | Reached skill level 15 in Conjurations
 51190 | Crypt:3  | Noticed Sojobo
 51203 | Crypt:3  | Killed Sojobo
 51470 | Crypt:3  | Reached XP level 23. HP: 196/196 MP: 23/41
 51478 | Crypt:3  | Noticed Vv
 51501 | Crypt:3  | Killed Vv
 51858 | Crypt:3  | Identified the ring of the Visionary {Fire Fly rPois Int-5
                  | Slay+5}
 51959 | Crypt:3  | Found a staircase to the Tomb.
 52360 | Crypt:3  | Identified the amulet "Hoaph" {Acrobat +Blink Dex+3}
 52478 | Crypt:3  | Found an ancient bone altar of Kikubaaqudgha.
 52482 | Crypt:3  | Found a basalt altar of Yredelemnul.
 52932 | Depths:1 | Entered Level 1 of the Depths
 52932 | Depths:1 | Found a gateway to Hell.
 52943 | Depths:1 | Found a shimmering blue altar of Sif Muna.
 53096 | Depths:1 | Noticed Nikola
 53106 | Depths:1 | Killed Nikola
 53178 | Depths:1 | Reached skill level 15 in Fire Magic
 53331 | Depths:1 | Noticed Boris
 53353 | Depths:1 | Killed Boris
 53524 | Depths:1 | Found a one-way gate to the infinite horrors of the Abyss.
 53555 | Depths:1 | Found a one-way gate leading to the halls of Pandemonium.
 53745 | Depths:1 | Noticed the Enchantress
 53753 | Depths:1 | Killed the Enchantress
 54472 | Depths:2 | Reached XP level 24. HP: 125/203 MP: 29/41
 54475 | Depths:2 | Found Ronuclid's Distillery.
 54488 | Depths:2 | Bought 2 potions of resistance for 340 gold pieces
 54488 | Depths:2 | Bought a potion of berserk rage for 85 gold pieces
 54488 | Depths:2 | Bought a potion of curing for 51 gold pieces
 54488 | Depths:2 | Bought a potion of curing for 51 gold pieces
 54488 | Depths:2 | Bought a potion of might for 68 gold pieces
 54824 | Depths:2 | Found a one-way gateway to a ziggurat.
 54959 | Depths:3 | Learned a level 8 spell: Ignition
 54996 | Depths:3 | Reached skill level 1 in Summonings
 55028 | Depths:3 | Identified the +5 ring mail of Eternal Night {-Cast -Tele
                  | Will+++ rCorr}
 55135 | Depths:3 | Found a transporter.
 55137 | Depths:3 | Noticed Guam's ghost (adept HOMo)
 55202 | Depths:3 | Reached skill level 5 in Translocations
 55517 | Depths:3 | Reached skill level 5 in Summonings
 55870 | Depths:3 | Found a transporter.
 56222 | Depths:3 | Killed Guam's ghost
 56276 | Depths:3 | Reached XP level 25. HP: 153/193 MP: 16/43
 56300 | Depths:4 | Entered Level 4 of the Depths
 56370 | Depths:4 | Noticed a juggernaut
 56390 | Depths:4 | Killed a juggernaut
 56442 | Depths:4 | Found a hide-covered altar of Uskayaw.
 56569 | Depths:4 | Identified the +10 war axe of Quantum Leap {drain, rN+
                  | Will+ rCorr Str-2}
 56759 | Depths:4 | Found a gate to the Realm of Zot.
 57594 | Slime:1  | Entered Level 1 of the Pits of Slime
 57605 | Slime:1  | Reached skill level 10 in Translocations
 57751 | Slime:1  | Reached XP level 26. HP: 222/222 MP: 28/43
 57871 | Slime:4  | Gained mutation: Your spells are a little easier to cast,
                  | but a little less powerful. [a shining eye]
 57894 | Slime:5  | Entered Level 5 of the Pits of Slime
 57988 | Slime:4  | Reached skill level 10 in Summonings
 58072 | Slime:5  | Noticed the Royal Jelly
 58115 | Slime:5  | Killed the Royal Jelly
 58175 | Slime:5  | Identified the +7 dagger of Dithmenos, Sharing {flame, rC+
                  | Str+5 Dex+4 Stlth+}
 58175 | Slime:5  | Identified the +3 ring mail of the Desert {+Blink}
 58176 | Slime:5  | Identified the staff "Satsokhe" {rElec Dex+4 Air}
 58176 | Slime:5  | Identified the ring "Eppout" {rC+ MP+9 Int+6 Dex+2}
 58176 | Slime:5  | Identified the staff of True Grit {rElec rF+ rN+ Air Earth}
 58176 | Slime:5  | Identified the +9 war axe of Gofaguch {spect, rN+ Will+
                  | Dex-2}
 58176 | Slime:5  | Identified the +6 flail of Skirmishing {drain, rC+}
 58182 | Slime:5  | Identified the Spellbook of Feathers
 58182 | Slime:5  | Identified the +10 rapier of Proximity {pain, rElec Str+6
                  | Int-3}
 58221 | Slime:5  | Got a starry gem with 252 turns to spare
 58221 | Slime:5  | Got a slimy rune of Zot
 58379 | Lair:4   | Acquired 466 gold pieces
 58714 | Vaults:5 | Entered Level 5 of the Vaults
 58947 | Vaults:5 | Reached skill level 15 in Spellcasting
 59099 | Vaults:5 | Noticed a dread lich
 59105 | Vaults:5 | Killed a dread lich
 59142 | Vaults:5 | Lost mutation: Your health recovers twice as slowly from
                  | being drained. [potion of mutation]
 59142 | Vaults:5 | Lost mutation: Your system is resistant to poisons. (rPois)
                  | [potion of mutation]
 59142 | Vaults:5 | Gained mutation: You are covered in fur. (AC +1) [potion of
                  | mutation]
 59142 | Vaults:5 | Gained mutation: Your magical capacity is low. (-10% MP)
                  | [potion of mutation]
 59142 | Vaults:5 | Gained mutation: Your spells are easier to cast, but less
                  | powerful. [potion of mutation]
 59142 | Vaults:5 | Gained mutation: You have a somewhat thin skeletal
                  | structure. (Dex +2, Stealth+) [potion of mutation]
 59279 | Vaults:5 | Learned a level 7 spell: Malign Gateway
 59335 | Vaults:5 | Identified the ring "Teurphua" {^Drain Will++ rCorr Str+6}
 59490 | Vaults:5 | Noticed an ancient lich
 59503 | Vaults:5 | Killed an ancient lich
 59528 | Vaults:5 | Reached XP level 27. HP: 209/220 MP: 24/42
 59586 | Vaults:5 | Lost mutation: Your magical capacity is low. (-10% MP)
                  | [potion of mutation]
 59586 | Vaults:5 | Lost mutation: You are partially covered in iridescent
                  | scales. (AC +2) [potion of mutation]
 59586 | Vaults:5 | Lost mutation: You are covered in fur. (AC +1) [potion of
                  | mutation]
 59586 | Vaults:5 | Gained mutation: You have a moderately thin skeletal
                  | structure. (Dex +4, Stealth++) [potion of mutation]
 59586 | Vaults:5 | Gained mutation: Your flesh is cold resistant. (rC+)
                  | [potion of mutation]
 59721 | Vaults:5 | Got a silver rune of Zot
 60169 | Vaults:5 | Identified the +0 plate armour of a bazaar {rN+ Str+4
                  | Dex+2}
 60392 | Vaults:5 | Identified the Atlas of the Birds and Soot
 60969 | Depths:1 | Voluntarily entered the Abyss.
 61063 | Abyss:2  | Found a corrupted altar of Lugonu.
 61139 | Abyss:2  | Learned a level 3 spell: Passwall
 61385 | Abyss:3  | Got an abyssal rune of Zot
 61634 | Abyss:3  | Found a corrupted altar of Lugonu.
 61820 | Abyss:3  | Found a corrupted altar of Lugonu.
 61822 | Abyss:3  | Found a corrupted altar of Lugonu.
 61911 | Abyss:3  | Found a corrupted altar of Lugonu.
 61919 | Abyss:3  | Found a corrupted altar of Lugonu.
 61922 | Abyss:3  | Found a corrupted altar of Lugonu.
 61999 | Abyss:3  | Found a corrupted altar of Lugonu.
 62060 | Abyss:3  | Found a corrupted altar of Lugonu.
 62063 | Abyss:3  | Reached ****** piety under Ashenzari
 62071 | Abyss:3  | Found a corrupted altar of Lugonu.
 62073 | Depths:1 | Escaped the Abyss
 62193 | Zot:1    | Entered Level 1 of the Realm of Zot
 62336 | Zot:2    | Reached skill level 18 in Fighting
 62538 | Zot:5    | Entered Level 5 of the Realm of Zot
 62675 | Zot:5    | Got a prismatic gem with 572 turns to spare
 62694 | Zot:5    | Learned a level 4 spell: Passage of Golubria
 62702 | Zot:5    | Learned a level 6 spell: Eringya's Noxious Bog
 62763 | Zot:5    | Noticed an orb of fire
 62835 | Zot:5    | Killed an orb of fire
 62953 | Zot:5    | Noticed an ancient lich
 62960 | Zot:5    | Killed an ancient lich
 62984 | Zot:5    | Reached skill level 5 in Alchemy
 63009 | Zot:5    | Noticed an orb of fire
 63019 | Zot:5    | Gained mutation: You are frail. (-10% HP) [an orb of fire]
 63025 | Zot:5    | Gained mutation: You have sharp toenails. [an orb of fire]
 63026 | Zot:5    | Killed an orb of fire
 63033 | Zot:5    | Noticed a dread lich
 63041 | Zot:5    | Killed a dread lich
 63104 | Zot:5    | Reached skill level 19 in Fighting
 63153 | Zot:5    | Got the Orb of Zot
 63222 | Zot:5    | Noticed an ancient lich
 63234 | Zot:4    | Killed an ancient lich
 63350 | Depths:4 | Noticed Ufaozim the pandemonium lord
 63376 | Depths:3 | Killed Ufaozim the pandemonium lord
 63377 | Depths:3 | Reached skill level 15 in Dodging
 63500 | D:14     | Noticed Icoranun the pandemonium lord
 63835 | D:$      | Escaped with the Orb!

Illustrated notes

Levels and vault maps discovered:
D:1:      wheals_arrival_linesprint, layout_loops_corners
D:2:      layout_rooms, uniq_terence
D:3:      layout_rooms, serial_shops, nicolae_square_shop
D:4:      layout_rooms, gammafunk_temple_overflow_statue
D:5:      gammafunk_cloud_chamber, layout_rooms, lemuel_round_altar,
          mainiacjoe_overflow_catch_the_wave, minmay_shop_mass,
          uniq_crazy_yiuf_cottage, uniq_ijyb
D:6:      layout_loops_ring, minmay_temple_entry_ruins, nicolae_water_bricks
D:7:      layout_rooms, mainiacjoe_overflow_two_lobes, uniq_jeremiah,
          uniq_maurice, uniq_joseph
D:8:      layout_gridville, lair_entry_dummy, serial_co_window_serial,
          co_window_paths_b, co_window_of_opportunity_a, co_window_paths_a,
          co_window_corner_a, co_window_corner_a, co_window_of_opportunity_c,
          co_window_2corner, co_window_corner_b, co_window_corner_b,
          co_window_broadway_a, co_window_2corner, co_window_2corner,
          co_window_4corner_a, glass_columns_a
D:9:      layout_gridville
D:10:     nzn_winding_woodlands_large [nzn_winding_woodlands_5x5_checkerboard,
          nzn_winding_woodlands_5x15_default,
          nzn_winding_woodlands_5x5_closed_star,
          nzn_winding_woodlands_center_diamonds,
          nzn_winding_woodlands_15x15_boxy_spiral,
          nzn_winding_woodlands_center_pierced_h,
          nzn_winding_woodlands_5x5_default, nzn_winding_woodlands_5x15_cabin,
          nzn_winding_woodlands_5x5_perimeter], layout_stronghold, st_stairs_10
D:11:     layout_grid_maze, david_orc_3, serial_shops, shop_coins, uniq_grum
D:12:     layout_gridville, nicolae_trove_entry_free_sample,
          nicolae_dithmenos_shadow_blocks
D:13:     layout_loops_corners, david_vaults_3
D:14:     layout_basic, minmay_misc_feat_hallway
D:15:     grunt_enter_depths_hoard, layout_stronghold, uniq_nessos
Temple:   nicolae_temple_no_exploring_needed
Lair:1:   layout_loops_ring, ebering_ghost_rock_garden, uniq_maggie
Lair:2:   regret_index_tunnel_blossom, layout_long_grid, uniq_fannar
Lair:3:   layout_regular_city, palyth_hydra_swamp_entry,
          nicolae_spider_entry_lesser_pyramids, ebering_ghost_xom,
          wad_woods_road_05, lemuel_fruit_tree
Lair:4:   layout_loops_ring, minmay_slime_entry_oklob_open, uniq_urug
Lair:5:   grunt_lair_end_beastmaster, layout_regular_city,
          grunt_forest_large_clearings
Swamp:1:  nicolae_swamp_secret_spriggan_hideout, layout_falls_marsh,
          hangedman_swamp_pad, infiniplex_staircase_pool_2
Swamp:2:  layout_basic_swamp, ebering_ghost_xom, nicolae_swamp_stuck_in_the_mud,
          nicolae_swamp_decorative_isthmus
Swamp:3:  layout_basic_swamp, nicolae_swamp_tree_designs
Swamp:4:  swamp_vile, layout_basic_swamp, uniq_aizul, uniq_kirke, uniq_mara
Spider:1: layout_spider_delve
Spider:2: layout_spider_delve, drop_trap
Spider:3: layout_spider_delve
Spider:4: grunt_spider_rune_parallel
Slime:1:  layout_caves
Slime:2:  layout_caves
Slime:3:  layout_caves
Slime:4:  layout_caves, basic_altar
Slime:5:  slime_pit
Orc:1:    layout_diamond_mine, gammafunk_ghost_berserking_beasts, uniq_sonja,
          uniq_jorgrun
Orc:2:    st_orc_town, layout_caves, uniq_rupert, uniq_josephine
Elf:1:    layout_geoelf_grid, serial_shops, shop_fountains,
          nicolae_elf_shapeshifter_party, minivault_11,
          hangedman_decor_cross_pass
Elf:2:    elven_hall_of_blades_hangedman_original [nicolae_blade_little_rooms],
          layout_onion_city, minmay_shop_grove
Elf:3:    minmay_elf_hall_statues, layout_geoelf_diagonals,
          serial_library_hellmonk_octagon
Vaults:1: nicolae_vaults_tetromino_T_2, nicolae_vaults_stepped_doors,
          nicolae_vaults_display_case, layout_vaults_omnigrid
Vaults:2: minmay_crypt_entry_simple_plaza, ontoclasm_vaults_ligature,
          nicolae_vaults_turnstiles, ontoclasm_vaults_loading_screen,
          v_pattern_1, vaults_mumra_chevron, nicolae_vaults_trapezoid_layered,
          nicolae_vaults_mini_display_case, vaults_room_door_hall,
          nicolae_vaults_trapezoid_2, nicolae_vaults_bisected_exclaves,
          nicolae_vaults_double_plus_3, nicolae_vaults_three_branches,
          nicolae_vaults_diagonal_hallway_7, nicolae_vaults_prndl,
          nicolae_vaults_diamond_1, layout_vaults_maze_bifur
Vaults:3: nicolae_vaults_surprise_closet, nicolae_vaults_angled_halls,
          nicolae_vaults_trapezoid_4, nicolae_vaults_prndl,
          nicolae_vaults_tetromino_L_2, v_misc_15,
          nicolae_vaults_storage_room_statues, vaults_room_grid,
          vaults_room_fancy_cross, hangedman_vaults_slice, vaults_dpeg_cross,
          v_misc_14, v_misc_24, nicolae_vaults_meiosis,
          nicolae_vaults_tetromino_Z_2, layout_vaults_omnibox, uniq_jory
Vaults:4: nicolae_vaults_tetromino_L_1, grunt_vaults_hallway_short, v_rooms_4,
          nicolae_vaults_little_squares_4, hangedman_vaults_variations,
          v_rooms_5, nicolae_vaults_shrinking_rooms_1,
          nicolae_vaults_storing_the_good_stuff, layout_vaults_big_cross,
          uniq_bai_suzhen
Vaults:5: serial_shops
Crypt:1:  layout_misc_corridors, minivault_27, minivault_23,
          grunt_crypt_arrival_webbed, lemuel_upstairs_altar, grunt_megastairs_5
Crypt:2:  layout_misc_corridors, uniq_khufu, uniq_josephina, uniq_donald
Crypt:3:  lightli_unholy_cathedral, layout_chaotic_city, nicolae_letterblocks
          [nicolae_letter_subblock, nicolae_letter_subblock,
          nicolae_letter_subblock, nicolae_letter_subblock,
          nicolae_letter_subblock, nicolae_letter_subblock,
          nicolae_letter_subblock, nicolae_letter_subblock,
          nicolae_letter_subblock, nicolae_letter_subblock,
          nicolae_letter_subblock, nicolae_letter_subblock,
          nicolae_letter_subblock, nicolae_letter_subblock,
          nicolae_letter_subblock, nicolae_letter_subblock,
          nicolae_letter_subblock, nicolae_letter_subblock,
          nicolae_letter_subblock, nicolae_letter_subblock,
          nicolae_letter_subblock, nicolae_letter_subblock,
          nicolae_letter_subblock, nicolae_letter_subblock,
          nicolae_letter_subblock], uniq_vv, uniq_sojobo
Depths:1: layout_roguey, abyss_entry, rand_demon_pan_entry_5, hell_entry,
          hellmonk_sif_muna_bookshelves, dreamdust_looks_like_rain,
          uniq_enchantress, uniq_boris, uniq_nikola
Depths:2: minmay_textured_paths, layout_long_grid, enter_ziggurat_e,
          grunt_mini_vestibule, grunt_pan_entry_zigzag, serial_bayou_pond_d,
          abyss_entry, serial_shops, nicolae_shop_rolling_square
Depths:3: minmay_outward_triangles, layout_gridlike, pan_entry,
          gammafunk_ghost_mausoleum, abyss_entry, serial_bayou_pond_b,
          grunt_hell_entry_dis_grunt
Depths:4: evilmike_zot_entry_round, layout_cave_pools, hangedman_coc_ice_floe,
          nicolae_uskayaw_en_pointe
Zot:1:    layout_misc_corridors, regret_index_zotdec_magical_s
Zot:2:    layout_misc_corridors, regret_index_zotdec_wing_it,
          gammafunk_ghost_split, lemuel_baited_zot_trap
Zot:3:    layout_gridlike, regret_index_zotdec_stipple_waver,
          regret_index_zotdec_misc_clamp
Zot:4:    layout_onion, regret_index_zotdec_banners,
          regret_index_zotdec_decaying_basic
Zot:5:    layout_cathedral_of_symmetry

Skill      XL: |  1  2  3  4  5  6  7  8  9 10 11 12 13 14 15 16 17 18 19 20 21 22 23 24 25 26 27 |
---------------+----------------------------------------------------------------------------------+-----
Spellcasting   | 3 4 5 7 8 12 16 17 | 17.7
Conjurations   | 5 6 7 8 9 10 11 12 15 16 | 16.3
Alchemy        | 1 3 7 |  7.0
Short Blades   | 4 |  4.2
Fighting       | 2 4 6 10 11 16 17 19 | 19.2
Long Blades    | 2 7 12 13 15 | 15.2
Stealth        | 3 5 |  5.0
Air Magic      | 1 2 8 9 |  9.4
Evocations     | 4 |  4.0
Dodging        | 4 7 12 15 | 15.1
Translocations | 3 8 10 11 13 | 13.1
Fire Magic     | 3 9 13 17 18 | 18.3
Earth Magic    | 4 10 11 | 11.0
Armour         | 3 7 11 13 | 13.7
Shields        | 6 |  6.8
Necromancy     | 6 |  6.0
Summonings     | 7 9 10 12 | 12.6

Action                     |  1- 3 |  4- 6 |  7- 9 | 10-12 | 13-15 | 16-18 | 19-21 | 22-24 | 25-27 || total
---------------------------+-------+-------+-------+-------+-------+-------+-------+-------+-------++-------
  Melee: Unarmed           |    10 |       |       |    33 |       |       |       |       |       ||    43
         Dagger            |    56 |   103 |    83 |   227 |       |       |       |       |       ||   469
         Punch             |       |     1 |     1 |     2 |       |       |       |       |       ||     4
         Falchion          |       |       |       |    17 |       |       |       |       |       ||    17
         Great sword       |       |       |       |   145 |   681 |  1089 |    29 |       |       ||  1944
         Demon blade       |       |       |       |       |       |       |   956 |  1370 |  1296 ||  3622
  Throw: Dart              |       |       |       |    13 |     8 |     7 |       |       |       ||    28
   Cast: Magic Dart        |    33 |    17 |    25 |     5 |       |       |       |       |       ||    80
         Searing Ray       |     7 |    14 |    37 |    42 |     2 |       |       |       |       ||   102
         Fulminant Prism   |       |       |     1 |    18 |    70 |     4 |       |       |       ||    93
         Mephitic Cloud    |       |       |       |    38 |    90 |   122 |     5 |       |       ||   255
         Volatile Blastmot |       |       |       |       |     5 |       |     1 |       |       ||     6
         Lee's Rapid Decon |       |       |       |       |    21 |    31 |     6 |     2 |       ||    60
         Bombard           |       |       |       |       |     7 |   173 |    12 |       |       ||   192
         Vhi's Electric Ch |       |       |       |       |       |     5 |     4 |       |       ||     9
         Olgreb's Toxic Ra |       |       |       |       |       |     2 |   142 |    49 |    56 ||   249
         Blink             |       |       |       |       |       |     1 |     1 |     2 |     1 ||     5
         Fireball          |       |       |       |       |       |       |    66 |     2 |       ||    68
         Irradiate         |       |       |       |       |       |       |    32 |    37 |    46 ||   115
         Plasma Beam       |       |       |       |       |       |       |    17 |       |       ||    17
         Ignite Poison     |       |       |       |       |       |       |    66 |    17 |    22 ||   105
         Freezing Cloud    |       |       |       |       |       |       |    10 |    16 |     2 ||    28
         Orb of Destructio |       |       |       |       |       |       |    33 |    21 |    11 ||    65
         Dispel Undead     |       |       |       |       |       |       |       |   216 |    47 ||   263
         Lesser Beckoning  |       |       |       |       |       |       |       |    12 |     7 ||    19
         Ignition          |       |       |       |       |       |       |       |       |    40 ||    40
         Malign Gateway    |       |       |       |       |       |       |       |       |    23 ||    23
         Passage of Golubr |       |       |       |       |       |       |       |       |     3 ||     3
         Passwall          |       |       |       |       |       |       |       |       |     3 ||     3
         Eringya's Noxious |       |       |       |       |       |       |       |       |     2 ||     2
 Invoke: Curse Item        |       |       |       |     6 |     2 |     3 |     4 |     4 |     2 ||    21
         Shatter the Chain |       |       |       |     1 |       |     2 |     4 |     3 |     1 ||    11
  Evoke: Wand              |       |       |     8 |    11 |    15 |    15 |     6 |     1 |     7 ||    63
    Use: Scroll            |       |     3 |     7 |     4 |    10 |    20 |    11 |     7 |    22 ||    84
         Potion            |       |       |       |     4 |     1 |    24 |     3 |     3 |    16 ||    51
   Stab: Sleeping          |     2 |     1 |       |     5 |     3 |     9 |    15 |     9 |     7 ||    51
         Paralysed         |       |       |     3 |     3 |     2 |     4 |       |       |     2 ||    14
         Distracted        |       |       |     1 |     1 |     1 |     1 |     4 |     5 |    10 ||    23
         Confused          |       |       |       |    40 |    51 |   108 |     4 |       |     2 ||   205
         Invisible         |       |       |       |       |       |     2 |       |       |       ||     2
 Armour: Robe              |    42 |    45 |       |       |       |       |       |       |       ||    87
         Leather armour    |       |     1 |   141 |    32 |       |       |       |       |       ||   174
         Acid dragon scale |       |       |       |   184 |       |       |       |   248 |   518 ||   950
         Skin              |       |       |       |     9 |       |       |       |       |       ||     9
         Swamp dragon scal |       |       |       |    27 |   452 |   979 |   628 |   427 |       ||  2513
  Dodge: Dodged            |    55 |    75 |    99 |   176 |   283 |   773 |   429 |   973 |  1147 ||  4010
  Block: Other             |       |    19 |    44 |    70 |   114 |   243 |     5 |       |       ||   495
         Reflection        |       |     2 |     3 |     1 |       |     4 |    29 |       |       ||    39
         Buckler           |       |       |       |       |       |       |   441 |   653 |   683 ||  1777

Table legend: (Time is in decaauts)
 A = Elapsed time spent in this place.
 B = Non-inter-level travel time spent in this place.
 C = Inter-level travel time spent in this place.
 D = Time resting spent in this place.
 E = Time spent auto-exploring this place.
 F = Levels seen in this place.
 G = Mean time per level.
                   A        B        C        D        E       F      G
               +--------+--------+--------+--------+--------+-----+--------+
         Total |  62621 |  55353 |   7268 |  10821 |  26326 |  59 | 1061.4 |
       Dungeon |  16138 |  13133 |   3005 |   1212 |   8419 |  15 | 1075.9 |
        Temple |     14 |      8 |      6 |      0 |      0 |   1 |   14.0 |
          Lair |   7845 |   6753 |   1092 |   1531 |   3236 |   5 | 1569.0 |
         Swamp |   5975 |   5763 |    212 |   2099 |   2034 |   4 | 1493.8 |
   Spider Nest |   6516 |   6130 |    386 |   2661 |   1856 |   4 | 1629.0 |
    Slime Pits |    502 |    502 |      0 |      0 |      0 |   5 |  100.4 |
  Orcish Mines |   2278 |   2080 |    198 |    422 |   1056 |   2 | 1139.0 |
   Elven Halls |   5524 |   4901 |    623 |   1473 |   2056 |   3 | 1841.3 |
        Vaults |   7285 |   6269 |   1016 |    343 |   3770 |   5 | 1457.0 |
         Crypt |   4237 |   3976 |    261 |    872 |   1576 |   3 | 1412.3 |
        Depths |   4318 |   3853 |    465 |    205 |   2223 |   4 | 1079.5 |
           Zot |    974 |    974 |      0 |      0 |      0 |   5 |  194.8 |
         Abyss |   1010 |   1010 |      0 |      0 |    100 |   3 |  336.7 |
               +--------+--------+--------+--------+--------+-----+--------+

Top non-repeatable levels by time:
  Lair:3: 2728 daAuts
    D:10: 2387 daAuts
 Swamp:4: 2290 daAuts
   Elf:2: 2074 daAuts
Spider:2: 2060 daAuts
   Elf:3: 1924 daAuts
Vaults:5: 1718 daAuts
  Lair:5: 1586 daAuts
Spider:3: 1580 daAuts
 Crypt:1: 1570 daAuts
Vaults:1: 1552 daAuts
   Elf:1: 1524 daAuts
Vaults:2: 1518 daAuts
 Crypt:3: 1466 daAuts
Spider:1: 1443 daAuts
